[Event "Agen 2017 - Accession"]
[Site "?"]
[Date "2017/08/19"]
[Round "1"]
[White "LOISEAU Quentin"]
[Black "MULLER Anthony"]
[Result "*"]
[WhiteElo "2425"]
[BlackElo "2243"]
[TimeControl "900"]

1. d4 d5
2. c4 c6
3. Nc3 Nf6
4. Nf3 e6
5. Bg5 Nbd7
6. e3 Qa5
7. cxd5 Nxd5
8. Qd2 Bb4
9. Rc1 O-O
10. Bd3 h6
11. Bh4 e5
12. a3 Bxc3
13. bxc3 exd4
14. cxd4 Qxa3
15. O-O Qb4
16. Qa2 Re8
17. Rfe1 Qd6
18. Bb1 a5
19. e4 Nb4
20. Qa3 Nf8
21. Bg3 Qd8
22. Red1 Bg4
23. d5 Nd7
24. h3 Bxf3
25. Qxf3 c5
26. Qa3 b5
27. f4 c4
28. e5 Nc5
29. Bf2 Ncd3
30. Bxd3 Nxd3
31. Rxd3 b4
32. Qa4 cxd3
33. d6 Rc8
34. Rd1 Rc3
35. Bd4 Ra3
36. Qc6 Qa8
37. Qxa8 Rxa8
38. f5 Kf8
39. e6 Ra6
40. Bxg7+ Kxg7
41. e7 Rxd6
42. e8=Q Kf6
43. Re1 *

[Event "Agen 2017 - Accession"]
[Site "?"]
[Date "2017/08/19"]
[Round "1"]
[White "VIDAL Llewellyn"]
[Black "BARBOT Pierre"]
[Result "*"]
[WhiteElo "2247"]
[BlackElo "2453"]
[TimeControl "900"]

1. c4 e5
2. Nc3 Nf6
3. Nf3 Nc6
4. e4 Bc5
5. Nxe5 O-O
6. Nf3 Re8
7. d3 Ng4
8. d4 Bb4
9. Bd3 f5
10. Bg5 Nf6
11. e5 Bxc3+
12. bxc3 d6
13. O-O dxe5
14. Nxe5 Nxe5
15. dxe5 Rxe5
16. Qf3 h6
17. Bf4 Re7
18. Rad1 Qe8
19. c5 Bd7
20. Qxb7 Bc6
21. Qb3+ Kh8
22. Bxf5 Ba4
23. Qb1 Bxd1
24. Rxd1 Qa4
25. Be3 Rae8
26. Qb3 Qc6
27. Bg6 Rf8
28. Bd4 Ne4
29. Bh5 Nd2
30. Qc2 Qd5
31. Qxd2 Qxh5
32. Be3 Qf5
33. Qd3 Qxd3
34. Rxd3 Rb8
35. g3 Rb1+
36. Kg2 Rb2
37. a4 Ra2
38. Rd8+ Kh7
39. Bd4 Rxa4
40. c6 Ra6
41. Ra8 Re6
42. Rxa7 Rxa7
43. Bxa7 Rxc6
44. Bd4 Re6
45. h4 h5
46. Kf3 Kg6
47. Kf4 Ra6
48. Ke5 Kf7
49. c4 Re6+
50. Kf4 Rd6
51. Ke5 g6
52. Be3 Re6+
53. Kd5 Ke7
54. c5 Kd7
55. Bf4 Rf6
56. Be3 Rf5+
57. Kd4 Kc6
58. Kc4 Re5
59. Kb4 Re4+
60. Kc3 Rxe3+
61. fxe3 Kxc5 *

[Event "Champ France Acc"]
[Site "Agen"]
[Date "2017/08/20"]
[Round "2"]
[White "BARBOT Pierre"]
[Black "LE GOFF Ronan"]
[Result "*"]
[WhiteElo "2453"]
[BlackElo "2280"]
[TimeControl "900"]

1. d4 Nf6
2. c4 e6
3. Nf3 Bb4+
4. Nbd2 d5
5. a3 Be7
6. g3 dxc4
7. Qa4+ Nbd7
8. Bg2 O-O
9. O-O a6
10. Qxc4 b5
11. Qd3 Bb7
12. b4 Bd6
13. Bb2 Re8
14. Rfd1 Qb8
15. Rac1 e5
16. Nxe5 Bxe5
17. Bxb7 Qxb7
18. dxe5 Nxe5
19. Bxe5 Rxe5
20. Nb3 Rae8
21. e3 Qf3
22. Nd4 Qh5
23. Qe2 Ng4
24. h4 Qg6
25. Rc6 f6
26. Nf3 R5e7
27. Qa2+ Kh8
28. Qc2 Qh6
29. Rxc7 Re6
30. Qf5 Qg6
31. Qxg6 hxg6
32. Rdd7 *

[Event "Champ France Acc"]
[Site "Agen"]
[Date "2017/08/20"]
[Round "2"]
[White "MEUNIER Clement"]
[Black "LOISEAU Quentin"]
[Result "*"]
[WhiteElo "2269"]
[BlackElo "2425"]
[TimeControl "900"]

1. e4 e5
2. Nf3 Nc6
3. Bc4 Bc5
4. b4 Bxb4
5. c3 Ba5
6. d4 exd4
7. Qb3 Qf6
8. O-O Bb6
9. e5 Qf5
10. cxd4 Na5
11. Qa4 Nxc4
12. Qxc4 d5
13. exd6 Nf6
14. Re1+ Be6
15. Re5 Qxe5
16. Qa4+ Bd7
17. dxe5 Bxa4
18. Nc3 Bc6
19. exf6 gxf6 *

[Event "Champ France Acc"]
[Site "Agen"]
[Date "2017/08/21"]
[Round "3"]
[White "LOISEAU Quentin"]
[Black "PUCHER Sebastien"]
[Result "1/2-1/2"]
[WhiteElo "2425"]
[BlackElo "2360"]
[TimeControl "900"]

1. d4 d5
2. c4 dxc4
3. Nf3 Nf6
4. e3 Bg4
5. Bxc4 e6
6. h3 Bh5
7. Nbd2 Nbd7
8. b3 a6
9. Bb2 c5
10. Be2 cxd4
11. Bxd4 Bc5
12. Bb2 O-O
13. O-O Nd5
14. Nc4 f6
15. Nd4 Bxe2
16. Qxe2 Qe7
17. Rfd1 N7b6
18. Nxb6 Nxb6
19. Rac1 Rac8
20. Qf3 Bxd4
21. Bxd4 Rxc1
22. Rxc1 Rc8
23. Qd1 Rxc1
24. Qxc1 Nd5
25. e4 Nc7
26. Bb6 Ne8
27. Qc8 Kf7
28. Bd8 Nd6
29. Bxe7 Nxc8
30. Bc5 Ne7
31. Kf1 Nc6
32. Ke2 b5
33. Kd3 h5
34. a4 Ne5+
35. Kc3 Nc6
36. f3 Kg6
37. Be3 Kf7
38. Bc5 Kg6
39. Bd6 Kf7
40. g4 g6
41. a5 1/2-1/2

[Event "Champ France Acc"]
[Site "Agen"]
[Date "2017/08/21"]
[Round "3"]
[White "POTTIER Simeon"]
[Black "DEMUTH Adrien"]
[Result "0-1"]
[WhiteElo "2006"]
[BlackElo "2540"]
[TimeControl "900"]

1. d4 Nf6
2. c4 e6
3. Nc3 Bb4
4. e3 O-O
5. Nge2 c6
6. a3 Ba5
7. b4 Bc7
8. Ng3 d5
9. Be2 dxc4
10. Bxc4 a5
11. b5 Nbd7
12. O-O e5
13. a4 exd4
14. exd4 Nb6
15. Be2 Nfd5
16. Nxd5 cxd5
17. Nh5 Re8
18. Nf4 Qf6
19. Nh5 Qe7
20. Bf3 Bf5
21. Bf4 Bxf4
22. Nxf4 Qd6
23. g3 Be4
24. Nd3 Bxf3
25. Qxf3 Re4
26. Nc5 Rxd4
27. Rfc1 Nc4
28. Nb3 Re4
29. Rd1 Rae8
30. Qd3 Nb2
31. Qxd5 Qxd5
32. Rxd5 b6
33. Rd4 Rxd4
34. Nxd4 Re4
35. Ra2 Nd3
36. Re2 f5
37. Rxe4 fxe4
38. Ne2 Kf7
39. Nc3 Ke6
40. Kf1 Ke5
41. Ke2 Kd4 0-1

[Event "Champ France Acc"]
[Site "Agen"]
[Date "2017/08/22"]
[Round "4"]
[White "TRAVADON Loic"]
[Black "LOISEAU Quentin"]
[Result "1/2-1/2"]
[WhiteElo "2341"]
[BlackElo "2425"]
[TimeControl "900"]

1. d4 Nf6
2. c4 e6
3. Nf3 d5
4. Nc3 dxc4
5. e4 Bb4
6. Bg5 c5
7. Bxc4 cxd4
8. Nxd4 Bxc3+
9. bxc3 Qa5
10. Bxf6 gxf6
11. Bb5+ Bd7
12. Bxd7+ Nxd7
13. O-O Qe5
14. Qa4 a6
15. Rab1 Qc7
16. Rfd1 Rd8
17. Rd3 O-O
18. Qd1 Kh8
19. Qh5 Qe5
20. Qh4 Qg5
21. Qxg5 fxg5
22. Nc6 bxc6
23. Rbd1 Kg7
24. Rxd7 Rxd7
25. Rxd7 Rb8
26. g3 Rb5
27. Rd4 Ra5
28. Rc4 Rxa2
29. Rxc6 g4
30. Rc7 a5
31. c4 Re2
32. Ra7 Rxe4
33. Rxa5 Rxc4
34. Kg2 Kg6
35. Ra8 h5
36. Rg8+ Kh7
37. Rg5 Kh6
38. Rg8 Rc5
39. h3 Rg5
40. Re8 Rf5
41. hxg4 hxg4
42. Rg8 Rg5
43. Rh8+ Kg6
44. Rg8+ Kf5
45. Ra8 f6
46. Rh8 e5
47. Rh7 Rg8
48. Ra7 Rb8
49. Ra5 Rb2
50. Kf1 Kg6
51. Ra4 Kg5
52. Ra5 Rb3
53. Ke2 Rf3
54. Kf1 Kg6
55. Ra4 f5
56. Ra6+ Kg5
57. Re6 e4
58. Ke2 Kh5
59. Ke1 Rb3
60. Ke2 Kg5
61. Ke1 Rb2
62. Kf1 Ra2
63. Ke1 Ra3
64. Ke2 Rf3
65. Ke1 e3
66. Rxe3 Rxe3+
67. fxe3 Kf6
68. Kf2 Ke5
69. Ke1 Kd5
70. Kd1 Kc4
71. Kc2 Kd5
72. Kd1 Ke4
73. Ke2 Kd5 1/2-1/2

[Event "Champ France Acc"]
[Site "Agen"]
[Date "2017/08/21"]
[Round "4"]
[White "LE HETET Nicolas"]
[Black "OLLIER Pablo"]
[Result "0-1"]
[WhiteElo "2317"]
[BlackElo "2395"]
[TimeControl "900"]

1. e4 e5
2. Nf3 Nc6
3. d4 exd4
4. Nxd4 Nf6
5. Nxc6 bxc6
6. e5 Qe7
7. Qe2 Nd5
8. c4 Nb6
9. Nc3 Qe6
10. Qe4 g6
11. Bd3 Bg7
12. f4 Ba6
13. b3 O-O
14. O-O d5
15. cxd5 cxd5
16. Qe2 Bxd3
17. Qxd3 c5
18. Ba3 Rac8
19. Nb5 Rfd8
20. Rae1 c4
21. Qg3 f5
22. exf6 Qxf6
23. Be7 Qf5
24. Bxd8 Rxd8
25. Qg5 Qxg5
26. fxg5 c3
27. Nxa7 d4
28. Nc6 Rf8
29. Rxf8+ Bxf8
30. Ne5 Nd5
31. Nd3 Nb4
32. Nxb4 Bxb4
33. Re8+ Kf7
34. Rc8 d3
35. Kf2 c2
36. Ke3 d2 0-1

[Event "Champ France Acc"]
[Site "Agen"]
[Date "2017/08/23"]
[Round "5"]
[White "OLLIER Pablo"]
[Black "LACROIX Romain"]
[Result "*"]
[WhiteElo "2395"]
[BlackElo "2255"]
[TimeControl "900"]

1. d4 Nf6
2. c4 e6
3. Nc3 Bb4
4. e3 O-O
5. Bd3 d5
6. cxd5 exd5
7. Nge2 c5
8. a3 cxd4
9. axb4 dxc3
10. O-O Nc6
11. b5 Nb4
12. Nxc3 Nxd3
13. Qxd3 Be6
14. Qd4 Qb6
15. Rd1 Rfd8
16. f3 h6
17. Ra3 Rdc8
18. g4 Qc5
19. Qxc5 Rxc5
20. Rd4 Bd7
21. Rda4 Bxb5
22. Ra5 Rac8
23. Bd2 a6
24. Nxb5 axb5
25. Bc3 Ne8
26. Ra8 f6
27. R3a7 Rxa8
28. Rxa8 Kf7
29. Bd4 Rc6
30. h4 Nd6
31. h5 Rc8
32. Ra7 Rc6
33. Ra8 Rc8
34. Ra3 Rc2
35. Rb3 Ke6
36. Kf1 Kd7
37. Ke1 Kc6
38. Rc3+ Rxc3
39. Bxc3 Kd7
40. Ke2 Nf7
41. Bb4 Nd8
42. f4 Ke6
43. Kd3 Nc6
44. Bc3 Ke7
45. e4 Ke6
46. Ke3 dxe4
47. Kxe4 Ne7
48. f5+ Kf7
49. b4 Nc6
50. Kd5 Ke7
51. Kc5 Ne5
52. Kxb5 Nxg4
53. Kb6 Ne3
54. Kxb7 Nxf5
55. Kc6 Nd6
56. Bd4 Ke6
57. Bc5 Nc4
58. b5 f5
59. Bd4 f4
60. Bxg7 f3
61. Bd4 Nd6
62. b6 Nc4
63. Bf2 Nxb6
64. Bxb6 Kf5
65. Kd5 Kg4
66. Ke4 f2 *

[Event "Champ France Acc"]
[Site "Agen"]
[Date "2017/08/23"]
[Round "5"]
[White "BROCHET Philippe"]
[Black "CALISTRI Tristan"]
[Result "1-0"]
[WhiteElo "2417"]
[BlackElo "2293"]
[TimeControl "900"]

1. e4 c5
2. Na3 g6
3. c3 Bg7
4. Nf3 d6
5. d4 cxd4
6. cxd4 Nf6
7. Bd3 O-O
8. O-O Bg4
9. Be3 Nc6
10. h3 Bxf3
11. Qxf3 Nd7
12. Nc2 Qb6
13. Qg4 Qd8
14. f4 e5
15. fxe5 dxe5
16. d5 Nd4
17. Nxd4 exd4
18. Bg5 Qc7
19. Be7 Ne5
20. d6 Nxg4
21. dxc7 Rfe8
22. Bd8 Ne5
23. Bb5 Rexd8
24. cxd8=Q Rxd8
25. Rac1 a6
26. Ba4 d3
27. Rc7 b5
28. Bb3 Nc4
29. Rfxf7 Bd4+
30. Kh1 Bg7 1-0

[Event "Champ France Acc"]
[Site "Agen"]
[Date "2017/08/25"]
[Round "6"]
[White "RODRIGUEZ, Adrien"]
[Black "BROCHET, Philippe"]
[Result "*"]
[WhiteElo "2252"]
[BlackElo "2417"]
[TimeControl "900"]

1. d4 d5
2. c4 dxc4
3. Nc3 a6
4. e3 b5
5. a4 b4
6. Nb1 Bb7
7. Nf3 Nf6
8. Bxc4 e6
9. O-O Nbd7
10. Qe2 c5
11. a5 Bd6
12. Nbd2 Qc7
13. Bd3 cxd4
14. exd4 O-O
15. Re1 Rfd8
16. g3 e5
17. dxe5 Nxe5
18. Nxe5 Bxe5
19. Qxe5 Qxe5
20. Rxe5 Rxd3
21. Re1 Rc8
22. Nf1 h5
23. Ra4 b3
24. Be3 Rc2
25. Rd4 Be4
26. Rxd3 Bxd3
27. Bd4 Ne4
28. Re3 Nxf2
29. Re8+ Kh7
30. Bxf2 Rxb2
31. Rd8 Bc2
32. Nd2 Ra2
33. Rb8 b2
34. Bd4 Ra1+
35. Kf2 Rd1
36. Ke2 Rxd2+
37. Kxd2 b1
38. Rxb1 Bxb1
39. h4 Kg6
40. Ke3 f6
41. Kf4 Bf5
42. Bc3 Bh3
43. Bd4 Kh6
44. Kf3 Bg4+
45. Kf4 g5+
46. hxg5+ fxg5+
47. Ke3 Kg6
48. Bb6 Kf5
49. Bc7 Bd1
50. Bd8 Kg4
51. Kf2 Ba4
52. Be7 Bc6
53. Bd8 Bb7
54. Be7 h4
55. gxh4 Kxh4
56. Ke3 Kg4
57. Kd2 Kf4
58. Kc3 g4
59. Bd6+ Kf3
60. Kb2 g3
61. Bxg3 Kxg3
62. Ka1 Kf2 *

[Event "Champ France Acc"]
[Site "Agen"]
[Date "2017/08/25"]
[Round "7"]
[White "HUTOIS, Mickael"]
[Black "DUBOUE, Peio"]
[Result "*"]
[WhiteElo "2207"]
[BlackElo "2403"]
[TimeControl "900"]

1. c4 e5
2. Nc3 Nf6
3. Nf3 Nc6
4. g3 d5
5. cxd5 Nxd5
6. Bg2 Nb6
7. O-O Be7
8. d3 O-O
9. a3 Be6
10. b4 f6
11. Bb2 a5
12. b5 Nd4
13. e3 Bb3
14. Qc1 Nxf3+
15. Bxf3 Rb8
16. Bd1 Be6
17. Be2 a4
18. Rd1 Bb3
19. Rd2 Qd7
20. Bd1 Qe6
21. Ne4 Bd5
22. Nc5 Qh3
23. e4 Bf7
24. Nxa4 Nxa4
25. Bxa4 Bd6
26. d4 Ra8
27. Bd1 h5
28. a4 h4
29. Ba3 hxg3
30. hxg3 Bg6
31. Bb3+ Kh7
32. f3 Qxg3+
33. Rg2 Qxf3
34. Rf2 Qxb3
35. Bxd6 cxd6
36. Ra3 Rac8 *

[Event "Champ France Acc"]
[Site "Agen"]
[Date "2017/08/27"]
[Round "9"]
[White "BELLAHCENE,Bilel"]
[Black "LE HETET, Nicolas"]
[Result "1-0"]
[WhiteElo "2481"]
[BlackElo "2317"]
[TimeControl "900"]

1. e4 c5
2. Nf3 Nc6
3. b4 e5
4. b5 Nd4
5. Bc4 Nf6
6. c3 Nxf3+
7. Qxf3 d6
8. h3 Be6
9. d3 Be7
10. O-O O-O
11. Re1 a6
12. a4 Bxc4
13. dxc4 Nd7
14. Nd2 Qc7
15. Qd3 Rfc8
16. Rb1 axb5
17. axb5 Ra4
18. Nf1 Nb6
19. Ne3 Qd7
20. f4 exf4
21. Nf5 Qe6
22. Bxf4 Nxc4
23. Qd5 Rc7
24. Ra1 Rxa1
25. Rxa1 h6
26. Ra8+ Kh7
27. Re8 Qxd5
28. exd5 Bf6
29. Re4 g6
30. Rxc4 gxf5
31. Bxd6 Rd7
32. Bxc5 Rxd5
33. b6 Bd8
34. Kf1 Kg6
35. Ke2 Kf6
36. Be3 Ke6
37. Ra4 Kd7
38. Ra8 Rb5
39. Rb8 Bg5
40. Rxb7+ Ke6
41. Bd4 Rb2+
42. Kf3 Be7
43. Ra7 Bd6
44. Ra8 Rb3
45. Rh8 1-0

[Event "Champ France Acc"]
[Site "Agen"]
[Date "2017/08/27"]
[Round "9"]
[White "DUDOGNON, Thibault"]
[Black "HOUSIEAUX, David"]
[Result "0-1"]
[WhiteElo "2230"]
[BlackElo "2409"]
[TimeControl "900"]

1. c4 g6
2. g3 Bg7
3. Bg2 c5
4. Nc3 Nc6
5. Nf3 e6
6. d3 Nge7
7. Bg5 h6
8. Bd2 O-O
9. Rb1 b6
10. a3 Bb7
11. O-O d6
12. Qc1 Kh7
13. b4 Qd7
14. Rd1 f5
15. b5 Nd4
16. Ne1 Bxg2
17. Kxg2 g5
18. Kg1 f4
19. gxf4 e5
20. fxg5 Qg4+
21. Ng2 Ng6
22. f3 Rxf3
23. exf3 Nxf3+
24. Kf2 Rf8 0-1